 Dungeon Crawl Stone Soup version 0.22-a0-422-g9628fc8 (webtiles) character file.

110 Gorice the Magician (level 4, -3/30 HPs)
             Began as a Demonspawn Wanderer on May 16, 2018.
             Slain by a gnoll
             ... wielding a +0 spear
              (7 damage)
             ... on level 2 of the Dungeon.
             The game lasted 00:14:44 (3074 turns).

Gorice the Magician (Demonspawn Wanderer)           Turns: 3074, Time: 00:14:44

Health: -3/30      AC:  6    Str: 11    XL:     4   Next: 61%
Magic:  9/11       EV: 10    Int: 14    God:
Gold:   82         SH:  0    Dex: 14    Spells: 9/13 levels left

rFire    + . .     SeeInvis .     - Unarmed
rCold    . . .     Gourm    .   (no shield)
rNeg     . . .     Faith    .   p - +0 leather armour (curse)
rPois    .         Spirit   .   o - +0 helmet (curse)
rElec    .         Reflect  .   (no cloak)
rCorr    .         Harm     .   (no gloves)
MR       .....                  (no boots)
Stlth    +.........             (no amulet)
HPRegen  0.10/turn              r - ring of protection from fire
MPRegen  0.12/turn              (no ring)

@: no status effects
A: claws 1, slimy green scales 1
a: no special abilities


You were on level 2 of the Dungeon.
You were not hungry.

You visited 1 branch of the dungeon, and saw 3 of its levels.

You collected 82 gold pieces.

Inventory:

Hand Weapons
 a - a +1 dagger
 m - a +0 morningstar
Missiles
 h - 6 curare-tipped needles
 Y - 52 stones (quivered)
 Z - 2 throwing nets
Armour
 d - a +0 robe
 o - a cursed +0 helmet (worn)
 p - a cursed +0 leather armour (worn)
Jewellery
 r - a ring of protection from fire (left claw)
Scrolls
 e - 5 scrolls of enchant weapon
Potions
 b - a potion of degeneration {unknown}
 c - a potion of lignification {!q}
 i - a potion of haste {unknown}
 j - 3 potions of heal wounds {unknown}
 k - a potion of berserk rage {unknown}
 l - a potion of might {unknown}
 n - a potion of curing {unknown}
Comestibles
 f - 2 rations
 g - 2 chunks of flesh


   Skills:
 * Level 1.6 Unarmed Combat
 - Level 5.0 Spellcasting
 - Level 3.7 Conjurations
 - Level 2.0 Hexes
   Level 1.0 Earth Magic
   Level 2.0 Evocations


You had 9 spell levels left.
You knew the following spells:

 Your Spells              Type           Power        Failure   Level  Hunger
a - Magic Dart            Conj           ##..         4%          1    None
b - Slow                  Hex            #.......     16%         2    ##.....
B - Summon Butterflies    Summ           #.......     22%         1    None

Your spell library contained the following spells:

 Spells                   Type           Power        Failure   Level  Hunger
 Apportation              Tloc           #.....       22%         1    None
 Conjure Flame            Conj/Fire      #.......     32%         3    ###....
 Mephitic Cloud           Conj/Pois/Air  #.......     38%         3    ###....
 Summon Small Mammal      Summ           #...         22%         1    None
 Blink                    Tloc           N/A          34%         2    ##.....
 Animate Skeleton         Necr           N/A          22%         1    None
 Call Imp                 Summ           #.......     34%         2    ##.....
 Confusing Touch          Hex            #.....       10%         1    None
 Call Canine Familiar     Summ           #.......     56%         3    ###....


Dungeon Overview and Level Annotations

Branches:
Dungeon (3/15)

Altars:

Annotations:
D:1 vpUX: gold behind statues


Innate Abilities, Weirdness & Mutations

You have sharp fingernails.
You are partially covered in slimy green scales. (AC +2)


Message History

You scratch the gnoll. You claw the gnoll.
The gnoll is almost dead.
The gnoll hits you from afar with a spear.
The gnoll hits you but does no damage.
Damage: 5 (max 5)
You barely miss the gnoll.
The gnoll is almost dead.
The gnoll barely misses you. The gnoll hits you.
Damage: 3 (max 5)
You scratch the gnoll.
You kill the gnoll!
The gnoll barely misses you. The gnoll hits you with a spear.
* * * LOW HITPOINT WARNING * * *
Damage: 5 (max 5)
You scratch the gnoll.
The gnoll is moderately wounded.
The gnoll hits you but does no damage.
You scratch the gnoll but do no damage.
The gnoll is moderately wounded.
The gnoll hits you but does no damage.
You scratch the gnoll.
The gnoll is severely wounded.
The gnoll barely misses you.
You barely miss the gnoll.
The gnoll is severely wounded.
The gnoll hits you but does no damage. The gnoll hits you but does no damage.
You hear the slow rusting of a very distant drain.
The gnoll hits you but does no damage. The gnoll barely misses you.
There is a stone staircase leading up here.
You climb upwards.
There is a stone staircase leading down here.
You barely miss the gnoll.
The gnoll is heavily wounded.
The gnoll hits you with a spear!
* * * LOW HITPOINT WARNING * * *
Damage: 7 (max 7)
You scratch the gnoll.
The gnoll is severely wounded.
The gnoll hits you with a spear.
* * * LOW HITPOINT WARNING * * *
Damage: 5 (max 7)
You barely miss the gnoll.
The gnoll is severely wounded.
You scratch the gnoll.
The gnoll is almost dead.
The gnoll hits you with a spear!
You die...

###......##.#.###...###...###...#
#####.##.##.#.##.....##...##.....
.## ####......#.......#...#......
#.## ####.###.......'...'......
##.### #.# #.......#...#......
#...# #.# ##.....##...##.....
##.#.# #.# ##...##....###...#
#.##.######.# ######......######
.###........# #@g.......#.#.# ##
########## #.##..#.......#
#.#.#.).###.#.####
#.##.##..........)
##.###.###.#.######
#...###.#....# #.#....#.##.##
#...##.####.### ######.##.....#
###


You could see a gnoll.

Vanquished Creatures
  Robin (D:2)
  A gnoll (D:3)
  2 adders (D:2)
  4 worms
  5 dart slugs
  A leopard gecko (D:2)
  An orc (D:2)
  5 bats
  A giant cockroach (D:1)
  13 goblins
  2 hobgoblins
  A quokka (D:2)
  2 ball pythons (D:2)
  4 frilled lizards
  8 kobolds
  2 rats
53 creatures vanquished.

Notes
Turn   | Place    | Note
-------+----------+-------------------------------------------
     0 | D:1      | Gorice the Demonspawn Wanderer began the quest for the Orb.
     0 | D:1      | Gorice set off with: a potion of lignification {!q}, a +0 robe, a +0 dagger, a ration
     0 | D:1      | Reached XP level 1. HP: 13/13 MP: 6/6
     2 | D:1      | Learned a level 1 spell: Magic Dart
     4 | D:1      | Learned a level 1 spell: Summon Butterflies
    83 | D:1      | Reached skill level 1 in Conjurations
   304 | D:1      | Gained mutation: You are partially covered in slimy green scales. (AC +2) [demonic ancestry]
   304 | D:1      | Reached XP level 2. HP: 19/19 MP: 2/8
   361 | D:1      | Reached skill level 2 in Conjurations
   884 | D:1      | Learned a level 2 spell: Slow
   943 | D:1      | HP: 4/19 [worm (10)]
  1336 | D:2      | Reached XP level 3. HP: 24/24 MP: 7/9
  1681 | D:2      | Reached skill level 3 in Conjurations
  1794 | D:2      | Noticed Robin
  1805 | D:2      | Killed Robin
  2000 | D:1      | HP: 7/24 [worm (3)]
  2055 | D:1      | HP: 3/24 [worm (6)]
  2057 | D:1      | HP: 1/24 [worm (2)]
  2382 | D:2      | Gained mutation: You have sharp fingernails. [demonic ancestry]
  2382 | D:2      | Reached XP level 4. HP: 30/30 MP: 6/11
  2754 | D:2      | Reached skill level 1 in Unarmed Combat
  3071 | D:2      | HP: 9/30 [gnoll/spear (7)]
  3072 | D:2      | HP: 4/30 [gnoll/spear (5)]
  3074 | D:2      | Slain by a gnoll

Vault maps used:
D:1:      roderic_chinese_lattice_arrival, minmay_statues_item
D:2:      kennysheep_six_static_rooms, uniq_robin
D:3:      cheibrodos_fertilizer, zin_academy, kennysheep_vampire_church,
          portal_sewer_entry_e, grunt_decor_fettered, minmay_tree_intersection,
          nemelex_dance_club_becter, uniq_ijyb, uniq_crazy_yiuf_cottage

Skill      XL: |  1  2  3  4 |
---------------+-------------+-----
Conjurations   | 1 2 3 |  3.7
Unarmed Combat | 1 |  1.6
Spellcasting   | |  5.0
Hexes          | |  2.0
Earth Magic    | |  1.0
Evocations     | |  2.0

Action                   |  1- 3 |  4- 6 || total
-------------------------+-------+-------++-------
Melee: Dagger            |    50 |       ||    50
       Unarmed           |       |    70 ||    70
       Punch             |       |     1 ||     1
Throw: Stone             |     8 |       ||     8
 Cast: Magic Dart        |   122 |    23 ||   145
  Use: Scroll            |     3 |     2 ||     5
 Stab: Sleeping          |     1 |       ||     1
  Eat: Chunk             |     4 |     3 ||     7
Armor: Robe              |    10 |       ||    10
       Leather armour    |       |    38 ||    38
Dodge: Dodged            |    24 |    48 ||    72

Table legend:
 A = Spawn XP
 B = Non-spawn XP
 C = Spawn XP percentage of total XP
 D = Spawn monster count
 E = Non-spawn monster count
 F = Spawn count percentage of total count
 G = Total turns spent on level
                    A         B        C        D         E        F      G
               +---------+---------+-------+---------+---------+-------+---------
         Total |       0 |     158 |   0.0 |       0 |      53 |   0.0 |  3074
               +---------+---------+-------+---------+---------+-------+---------
           D:1 |       0 |      43 |   0.0 |       0 |      19 |   0.0 |  1723
           D:2 |       0 |      87 |   0.0 |       0 |      28 |   0.0 |  1240
           D:3 |       0 |      28 |   0.0 |       0 |       6 |   0.0 |   111
               +---------+---------+-------+---------+---------+-------+---------

Table legend:
 A = Turns spent in this place as a percentage of turns spent in the entire game.
 B = Non-inter-level travel turns spent in this place as a percentage of non-inter-level travel turns spent in the entire game.
 C = Inter-level travel turns spent in this place as a percentage of turns spent in this place.
 D = Turns resting spent in this place as a percentage of non-inter-level travel turns spent in this place.
 E = Turns spent auto-exploring this place as a percentage of non-inter-level travel turns spent in this place.
 F = Non-inter-level travel turns spent in this place divided by the number of levels of this place that you've seen.
                   A       B       C       D       E      F
               +-------+-------+-------+-------+-------+----------------------
         Total | 100.0 | 100.0 |   9.6 |  33.7 |  28.6 | 926.7
       Dungeon | 100.0 | 100.0 |   9.6 |  33.7 |  28.6 | 926.7
               +-------+-------+-------+-------+-------+----------------------

Vault maps used:
D:1:      roderic_chinese_lattice_arrival, minmay_statues_item
D:2:      kennysheep_six_static_rooms, uniq_robin
D:3:      cheibrodos_fertilizer, zin_academy, kennysheep_vampire_church,
          portal_sewer_entry_e, grunt_decor_fettered, minmay_tree_intersection,
          nemelex_dance_club_becter, uniq_ijyb, uniq_crazy_yiuf_cottage
